 Dungeon Crawl Stone Soup version 0.22-a0-354-g30dfbe6 (webtiles) character file.

19 Kairos the Shield-Bearer (level 2, 0/16 HPs)
             Began as a Vine Stalker Fighter on Apr 16, 2018.
             Succumbed to an adder's poison
             ... on level 2 of the Dungeon.
             The game lasted 00:01:16 (1129 turns).

Kairos the Shield-Bearer (Vine Stalker Fighter)     Turns: 1129, Time: 00:01:16

Health: 0/16       AC:  6    Str: 18    XL:     2   Next: 75%
Magic:  1/3        EV:  7    Int:  8    God:
Gold:   30         SH:  9    Dex: 13    Spells: 1/1 levels left

rFire    . . .     SeeInvis .   a - +0 flail
rCold    . . .     Gourm    .   c - +0 shield
rNeg     . . .     Faith    .   b - +0 scale mail
rPois    .         Spirit   +   (no helmet)
rElec    .         Reflect  .   (no cloak)
rCorr    .         Harm     .   (no gloves)
MR       .....                  (no boots)
Stlth    ..........             (no amulet)
HPRegen  0.05/turn              (no ring)
MPRegen  0.08/turn              (no ring)

@: lethally poisoned (0 -> -17)
A: fangs 2, magic shield, antimagic bite, no potion heal 3, rot immunity
a: no special abilities


You were on level 2 of the Dungeon.
You were hungry.

You visited 1 branch of the dungeon, and saw 2 of its levels.

You collected 30 gold pieces.

Inventory:

Hand Weapons
 a - a +0 flail (weapon)
Armour
 b - a +0 scale mail (worn)
 c - a +0 shield (worn)
Scrolls
 g - a scroll of identify {unknown}
Potions
 h - a potion of degeneration {unknown}
 i - 2 potions of haste {unknown}
Comestibles
 f - 2 rations


   Skills:
 + Level 2.9 Fighting
 + Level 2.0 Maces & Flails
 + Level 2.6 Armour
 + Level 3.0 Shields


You had one spell level left.
You didn't know any spells.

Dungeon Overview and Level Annotations

Branches:
Dungeon (2/15)

Altars:


Innate Abilities, Weirdness & Mutations

You have extremely sharp teeth.
When hurt, damage is shared between your health and your magic reserves.
Your bite disrupts and absorbs the magic of your enemies.
Potions cannot restore your health.
You are immune to rotting.


Message History

You are more poisoned.
The adder poisons you!
You are too injured to fight recklessly!
You are too injured to fight recklessly!
You are too injured to fight recklessly!
There is a lethal amount of poison in your body!
You are too injured to fight recklessly!
You are too injured to fight recklessly!
You are too injured to fight recklessly!
You miss the adder.
The adder is almost dead.
* * * LOW HITPOINT WARNING * * *
You feel sick. You block the adder's attack. The adder bites you.
* * * LOW HITPOINT WARNING * * *
You are more poisoned.
The adder poisons you!
Your shield and scale mail prevent you from hitting the adder.
Your bite misses the adder.
The adder is severely wounded.
You die...

...... ....#
...... #...#
......##...#
...(...?...#
...........#
...........#
......S....#
#.....@.#########
#.......'<......#
#.......####....#
#.##+#+## ..# # #


You could see an adder.

Vanquished Creatures
  A worm (D:1)
  A goblin (D:1)
  5 hobgoblins (D:1)
  2 ball pythons (D:1)
  2 bats (D:1)
  2 frilled lizards (D:1)
  A kobold (D:1)
  3 rats (D:1)
17 creatures vanquished.

Notes
Turn   | Place    | Note
-------+----------+-------------------------------------------
     0 | D:1      | Kairos the Vine Stalker Fighter began the quest for the Orb.
     0 | D:1      | Reached XP level 1. HP: 11/11 MP: 2/2
   249 | D:1      | Reached XP level 2. HP: 2/16 MP: 3/3
   933 | D:1      | Reached skill level 3 in Shields
  1129 | D:2      | Succumbed to an adder's poison

Vault maps used:
D:1:      dpeg_arrival_brainrot
D:2:      first_ration, minmay_hexomino_p4, uniq_sigmund

Skill      XL: |  1  2 |
---------------+-------+-----
Maces & Flails | 2 |  2.0
Shields        | 3 |  3.0
Fighting       | |  2.9
Armour         | |  2.6

Action                   || total
-------------------------++-------
Melee: Flail             ||    59
       Bite              ||    21
  Use: Potion            ||     1
       Scroll            ||     1
Armor: Scale mail        ||    15
Dodge: Dodged            ||    12
Block: Shield            ||    26

Table legend:
 A = Spawn XP
 B = Non-spawn XP
 C = Spawn XP percentage of total XP
 D = Spawn monster count
 E = Non-spawn monster count
 F = Spawn count percentage of total count
 G = Total turns spent on level
                    A         B        C        D         E        F      G
               +---------+---------+-------+---------+---------+-------+---------
         Total |       0 |      28 |   0.0 |       0 |      17 |   0.0 |  1129
               +---------+---------+-------+---------+---------+-------+---------
           D:1 |       0 |      28 |   0.0 |       0 |      17 |   0.0 |  1116
               +---------+---------+-------+---------+---------+-------+---------
